Montreal Canadiens vs Los Angeles Kings
Created - Wednesday, February 4, 2026 at 07:40
Goals
|
| Montreal Canadiens |
1 |
2 |
0 |
3 |
| Los Angeles Kings |
1 |
1 |
0 |
2 |
|
Shots
|
| Montreal Canadiens |
12 |
14 |
5 |
31 |
| Los Angeles Kings |
17 |
7 |
12 |
36 |
|
1st period
1. Los Angeles Kings , Will Smith 4 (Logan Cooley 5, Alexander Romanov 1) at 10:55
2. Montreal Canadiens , Brad Marchand 8 (Matt Duchene 5, Juraj Slafkovsky 6) at 13:53
Penalties :
No Penalty
2nd period
3. Los Angeles Kings , Adam Fantilli 7 (Andrei Svechnikov 12, Ryan Suter 5) at 6:15
4. Montreal Canadiens , Brad Marchand 9 (Matt Duchene 6, Macklin Celebrini 8) at 7:45 (PP)
5. Montreal Canadiens , Macklin Celebrini 8 (Martin Necas 5) at 13:44
Penalties :
Spencer Knight (LAK) for Slashing (Minor) at 7:31 - Adam Fantilli served the penalty
3rd period
No Goal
Penalties :
Mikey Eyssimont (LAK) for Hooking (Minor) at 14:44, Jakub Zboril (LAK) for Delaying the game (Minor) at 19:09
Goalie Stats
Lukas Dostal (MTL), 34 saves from 36 shots - (0.944), W, 2-2-0, 60:00 minutes
Spencer Knight (LAK), 28 saves from 31 shots - (0.903), L, 1-5-0, 60:00 minutes
Players Stats for Montreal Canadiens
Player Name G A P +/- PIM S H SB GA TA FO MP PP MP PK MP
------------------------------------------------------------------------------------
Adam Fox 0 0 0 1 0 1 2 0 1 2 0/0 16:07 1:41 0:00
Arttu Hyry 0 0 0 0 0 1 1 1 0 0 0/0 10:51 0:13 0:00
Brad Marchand 2 0 2 1 0 6 2 1 1 0 1/1 17:08 1:48 0:00
Brady Skjei 0 0 0 -2 0 2 2 2 1 3 0/0 24:56 0:00 0:00
Damon Severson 0 0 0 -2 0 1 2 3 0 1 0/0 19:09 0:34 0:00
Drew O'Connor 0 0 0 -1 0 2 0 0 0 0 0/0 15:42 0:00 0:00
Evgeni Dadonov 0 0 0 0 0 2 0 0 0 0 0/1 11:07 0:44 0:00
Josh Manson 0 0 0 1 0 0 1 2 0 1 0/0 18:10 0:48 0:00
Juraj Slafkovsky 0 1 1 1 0 3 2 0 0 0 0/1 16:36 1:14 0:00
Justin Hryckowian 0 0 0 0 0 0 3 0 0 0 1/2 10:45 0:00 0:00
Lane Hutson 0 0 0 1 0 2 0 0 0 0 0/0 19:02 1:41 0:00
Macklin Celebrini 1 1 2 0 0 4 0 0 0 1 14/20 17:04 1:48 0:00
Martin Necas 0 1 1 0 0 3 2 0 0 1 0/0 16:38 0:55 0:00
Matt Duchene 0 2 2 1 0 1 2 1 0 0 7/16 17:03 1:48 0:00
Owen Power 0 0 0 1 0 0 0 2 0 1 0/0 22:07 1:22 0:00
Patrik Laine 0 0 0 -1 0 2 0 1 0 1 0/0 15:38 0:19 0:00
Ryan Poehling 0 0 0 0 0 1 0 0 1 0 1/1 16:15 0:20 0:00
Teddy Blueger 0 0 0 -1 0 0 2 1 0 1 8/10 15:42 0:00 0:00
Players Stats for Los Angeles Kings
Player Name G A P +/- PIM S H SB GA TA FO MP PP MP PK MP
------------------------------------------------------------------------------------
Adam Fantilli 1 0 1 1 0 2 1 0 1 0 9/17 17:25 0:00 1:32
Alexander Romanov 0 1 1 0 0 0 3 0 0 0 0/0 16:36 0:00 0:28
Andrei Kuzmenko 0 0 0 1 0 2 0 0 0 0 1/2 16:25 0:00 0:14
Andrei Svechnikov 0 1 1 1 0 4 2 0 1 0 0/0 17:01 0:00 1:06
Charlie McAvoy 0 0 0 0 0 1 1 1 1 0 0/0 18:02 0:00 1:39
Cooper Marody 0 0 0 0 0 0 1 0 0 0 0/0 10:15 0:00 0:11
Evander Kane 0 0 0 0 0 2 0 0 0 0 7/18 17:45 0:00 0:00
Jackson Blake 0 0 0 -1 0 1 0 0 1 0 0/0 12:53 0:00 0:00
Jakub Zboril 0 0 0 0 2 0 0 0 0 0 0/0 16:39 0:00 0:37
Jansen Harkins 0 0 0 -1 0 2 2 1 2 0 2/10 14:52 0:00 1:43
Joseph Veleno 0 0 0 0 0 1 0 1 2 0 1/5 10:53 0:00 0:59
K'Andre Miller 0 0 0 0 0 5 3 1 0 1 0/0 25:22 0:00 0:56
Logan Cooley 0 1 1 0 0 3 0 0 2 2 0/0 18:20 0:00 0:21
MacKenzie Weegar 0 0 0 0 0 5 2 2 0 0 0/0 25:22 0:00 0:56
Mikey Eyssimont 0 0 0 0 2 1 0 1 0 0 0/0 10:20 0:00 0:00
Ryan Suter 0 1 1 0 0 0 0 0 0 1 0/0 17:58 0:00 1:30
Vitali Kravtsov 0 0 0 -1 0 0 0 0 0 0 0/0 12:53 0:00 0:00
Will Smith 1 0 1 0 0 7 1 0 2 0 0/0 17:54 0:00 0:00
3 Stars
1 - Brad Marchand (MTL)
2 - Lukas Dostal (MTL)
3 - Matt Duchene (MTL)
Power Play
Montreal Canadiens - 1 on 3 Attempt(s) - 33.33%
Los Angeles Kings - 0 on 0 Attempt(s) - 0.00%
Penalty Kill
Montreal Canadiens - 0 on 0 Attempt(s) - 0.00%
- Score 0 goal in Penalty Kill
Los Angeles Kings - 2 on 3 Attempt(s) - 66.67%
- Score 0 goal in Penalty Kill
Team Stat
Montreal Canadiens - Hits : 21 - Faceoff Wins : 32 - Blocked Shots : 14 - Penalty Minutes : 0
Los Angeles Kings - Hits : 16 - Faceoff Wins : 20 - Blocked Shots : 7 - Penalty Minutes : 6
Official
Referees : Steve Kozari and Justin Kea
Linesman : Unknown
Game Notes
No Game Note
Finance
Level 1 -- Attendance: 5193 (86.55%) -- Ticket Income $467,370
Level 2 -- Attendance: 4962 (99.24%) -- Ticket Income $248,100
Level 3 -- Attendance: 2845 (94.83%) -- Ticket Income $85,350
Level 4 -- Attendance: 4614 (92.28%) -- Ticket Income $92,280
Luxury Box -- Attendance: 947 (94.70%) -- Ticket Income $179,930
Game was played at the Staples Center.
Total Attendance: 18561 (92.81%)
Total Ticket Income: $1,073,030
Other Income: $375,560
Total Income: $1,448,590
Montreal Canadiens
5 vs 5 Forward
Center Left Wing Right Wing Time % Phy DF OF
1 Macklin Celebrini Ryan Poehling Martin Necas 30 0 1 4
2 Matt Duchene Brad Marchand Juraj Slafkovsky 30 0 1 4
3 Teddy Blueger Drew O'Connor Patrik Laine 25 1 2 2
4 Justin Hryckowian Evgeni Dadonov Arttu Hyry 15 1 2 2
5 vs 5 Defense
Defense Defense Time % Phy DF OF
1 Josh Manson Lane Hutson 30 1 2 2
2 Brady Skjei Damon Severson 30 1 2 2
3 Adam Fox Owen Power 25 1 3 1
4 Brady Skjei Owen Power 15 1 3 1
PowerPlay Forward
Center Left Wing Right Wing Time % Phy DF OF
1 Macklin Celebrini Matt Duchene Brad Marchand 50 0 0 5
2 Martin Necas Juraj Slafkovsky Patrik Laine 50 0 0 5
PowerPlay Defense
Defense Defense Time % Phy DF OF
1 Adam Fox Lane Hutson 50 0 0 5
2 Owen Power Damon Severson 50 0 0 5
Penalty Kill 4 Players Forward
Center Wing Time % Phy DF OF
1 Ryan Poehling Brad Marchand 50 0 5 0
2 Teddy Blueger Drew O'Connor 50 0 5 0
Penalty Kill 4 Players Defense
Defense Defense Time % Phy DF OF
1 Josh Manson Brady Skjei 50 0 5 0
2 Owen Power Damon Severson 50 0 5 0
Penalty Kill - 3 Players Forward
Forward Time % Phy DF OF
1 Teddy Blueger 50 0 5 0
2 Ryan Poehling 50 0 5 0
Penalty Kill - 3 Players Defense
Defense Defense Time % Phy DF OF
1 Josh Manson Brady Skjei 50 0 5 0
2 Owen Power Damon Severson 50 0 5 0
4 vs 4 Forward
Center Wing Time % Phy DF OF
1 Macklin Celebrini Martin Necas 50 1 2 2
2 Matt Duchene Brad Marchand 50 1 2 2
4 vs 4 Defense
Defense Defense Time % Phy DF OF
1 Lane Hutson Adam Fox 50 1 2 2
2 Brady Skjei Damon Severson 50 1 2 2
Last Minutes Offensive
Center Left Wing Right Wing Defense Defense
Macklin Celebrini Matt Duchene Brad Marchand Lane Hutson Adam Fox
Last Minutes Defensive
Center Left Wing Right Wing Defense Defense
Teddy Blueger Ryan Poehling Drew O'Connor Brady Skjei Owen Power
Goaltenders
Starting : Lukas Dostal
Backup : Stuart Skinner
Extra Forwards
Normal : Macklin Celebrini, Brad Marchand, Ryan Poehling - PP : Macklin Celebrini, Brad Marchand - PK : Macklin Celebrini
Extra Defensemen
Normal : Brady Skjei, Owen Power, Damon Severson - PP : Lane Hutson - PK : Brady Skjei, Owen Power
Penalty Shots
Patrik Laine, Teddy Blueger, Ryan Poehling, Macklin Celebrini, Arttu Hyry
Scratches
Pyotr Kochetkov (Healthy)
Los Angeles Kings
5 vs 5 Forward
Center Left Wing Right Wing Time % Phy DF OF
1 Evander Kane Will Smith Logan Cooley 30 1 2 2
2 Adam Fantilli Andrei Svechnikov Andrei Kuzmenko 30 1 2 2
3 Jansen Harkins Vitali Kravtsov Jackson Blake 25 1 2 2
4 Joseph Veleno Mikey Eyssimont Cooper Marody 15 1 2 2
5 vs 5 Defense
Defense Defense Time % Phy DF OF
1 MacKenzie Weegar K'Andre Miller 30 1 2 2
2 Charlie McAvoy Ryan Suter 30 1 2 2
3 Alexander Romanov Jakub Zboril 25 1 2 2
4 MacKenzie Weegar K'Andre Miller 15 1 2 2
PowerPlay Forward
Center Left Wing Right Wing Time % Phy DF OF
1 Joseph Veleno Jansen Harkins Logan Cooley 50 1 2 2
2 Adam Fantilli Andrei Svechnikov Andrei Kuzmenko 50 1 2 2
PowerPlay Defense
Defense Defense Time % Phy DF OF
1 MacKenzie Weegar K'Andre Miller 50 1 2 2
2 Charlie McAvoy Ryan Suter 50 1 2 2
Penalty Kill 4 Players Forward
Center Wing Time % Phy DF OF
1 Adam Fantilli Jansen Harkins 50 1 2 2
2 Logan Cooley Andrei Svechnikov 50 1 2 2
Penalty Kill 4 Players Defense
Defense Defense Time % Phy DF OF
1 MacKenzie Weegar K'Andre Miller 50 1 2 2
2 Charlie McAvoy Ryan Suter 50 1 2 2
Penalty Kill - 3 Players Forward
Forward Time % Phy DF OF
1 Logan Cooley 50 1 2 2
2 Andrei Svechnikov 50 1 2 2
Penalty Kill - 3 Players Defense
Defense Defense Time % Phy DF OF
1 MacKenzie Weegar K'Andre Miller 50 1 2 2
2 Charlie McAvoy Ryan Suter 50 1 2 2
4 vs 4 Forward
Center Wing Time % Phy DF OF
1 Jansen Harkins Adam Fantilli 50 1 2 2
2 Logan Cooley Andrei Svechnikov 50 1 2 2
4 vs 4 Defense
Defense Defense Time % Phy DF OF
1 MacKenzie Weegar K'Andre Miller 50 1 2 2
2 Charlie McAvoy Ryan Suter 50 1 2 2
Last Minutes Offensive
Center Left Wing Right Wing Defense Defense
Evander Kane Will Smith Logan Cooley MacKenzie Weegar K'Andre Miller
Last Minutes Defensive
Center Left Wing Right Wing Defense Defense
Evander Kane Will Smith Logan Cooley MacKenzie Weegar K'Andre Miller
Goaltenders
Starting : Spencer Knight
Backup : Victor Ostman
Extra Forwards
Normal : Mikey Eyssimont, Jansen Harkins, Joseph Veleno - PP : Mikey Eyssimont, Jansen Harkins - PK : Joseph Veleno
Extra Defensemen
Normal : Alexander Romanov, Jakub Zboril, Charlie McAvoy - PP : Alexander Romanov - PK : Jakub Zboril, Charlie McAvoy
Penalty Shots
Joseph Veleno, Jansen Harkins, Logan Cooley, Andrei Svechnikov, Adam Fantilli
Scratches
Seth Jarvis (Healthy), Drew Helleson (Healthy), Carl Lindbom (Healthy)
% Time on Ice - Montreal Canadiens
Lines # - Real PCT - Wanted PCT - Time Play
Normal Forward
1 - 26% - 30% - 14:49
2 - 30% - 30% - 16:44
3 - 27% - 25% - 15:19
4 - 17% - 15% - 9:42
Normal Defense
1 - 31% - 30% - 17:16
2 - 32% - 30% - 18:19
3 - 25% - 25% - 13:57
4 - 12% - 15% - 7:02
PP Forward
1 - 70% - 50% - 2:08
2 - 30% - 50% - 0:55
PP Defense
1 - 55% - 50% - 1:41
2 - 45% - 50% - 1:22
PK Forward
1 - 0% - 50%
2 - 0% - 50%
PK Defense
1 - 0% - 50%
2 - 0% - 50%
PK3 Forward
1 - 0% - 50%
2 - 0% - 50%
PK3 Defense
1 - 0% - 50%
2 - 0% - 50%
44 Forward
1 - 0% - 50%
2 - 0% - 50%
44 Defense
1 - 0% - 50%
2 - 0% - 50%
Last Minute Offensive - 0:00
Last Minute Defensive - 0:23
Total
Forward - 60:00
Defense - 60:00
|
% Time on Ice - Los Angeles Kings
Lines # - Real PCT - Wanted PCT - Time Play
Normal Forward
1 - 30% - 30% - 17:04
2 - 31% - 30% - 17:21
3 - 23% - 25% - 12:53
4 - 16% - 15% - 9:15
Normal Defense
1 - 29% - 30% - 16:32
2 - 29% - 30% - 16:28
3 - 28% - 25% - 15:39
4 - 14% - 15% - 7:54
PP Forward
1 - 0% - 50%
2 - 0% - 50%
PP Defense
1 - 0% - 50%
2 - 0% - 50%
PK Forward
1 - 58% - 50% - 1:46
2 - 42% - 50% - 1:17
PK Defense
1 - 31% - 50% - 0:56
2 - 69% - 50% - 2:07
PK3 Forward
1 - 0% - 50%
2 - 0% - 50%
PK3 Defense
1 - 0% - 50%
2 - 0% - 50%
44 Forward
1 - 0% - 50%
2 - 0% - 50%
44 Defense
1 - 0% - 50%
2 - 0% - 50%
Last Minute Offensive - 0:24
Last Minute Defensive - 0:00
Total
Forward - 60:00
Defense - 60:00
|
Play-by-Play
1st period
0:01 of 1st period - Evander Kane wins face-off versus Macklin Celebrini in neutral zone.
0:12 of 1st period - Snap shot by Will Smith.
0:12 of 1st period - Shot Blocked by Josh Manson.
0:14 of 1st period - Slapshot by K'Andre Miller.
0:14 of 1st period - Deflect By Macklin Celebrini.
0:14 of 1st period - Stopped by Lukas Dostal without a rebound.
0:15 of 1st period - Matt Duchene wins face-off versus Adam Fantilli in Montreal Canadiens zone.
1:06 of 1st period - Snap shot by Jackson Blake.
1:06 of 1st period - Stopped by Lukas Dostal with a rebound.
1:08 of 1st period - Slapshot by Cooper Marody.
1:08 of 1st period - Shot Blocked by Arttu Hyry.
1:10 of 1st period - Slapshot by Charlie McAvoy.
1:10 of 1st period - Deflect By Cooper Marody.
1:10 of 1st period - Shot Misses the Net.
1:10 of 1st period - Puck is out of play.
1:11 of 1st period - Macklin Celebrini wins face-off versus Evander Kane in Montreal Canadiens zone.
1:38 of 1st period - Andrei Kuzmenko is hit by Brad Marchand and loses puck.
2:00 of 1st period - Icing by Joseph Veleno.
2:01 of 1st period - Teddy Blueger wins face-off versus Joseph Veleno in Los Angeles Kings zone.
2:02 of 1st period - Wrist shot by Patrik Laine.
2:02 of 1st period - Shot Misses the Net.
2:10 of 1st period - Slapshot by MacKenzie Weegar.
2:10 of 1st period - Stopped by Lukas Dostal with a rebound.
2:12 of 1st period - Slapshot by K'Andre Miller.
2:12 of 1st period - Shot Misses the Net.
2:14 of 1st period - Wrist shot by MacKenzie Weegar.
2:14 of 1st period - Stopped by Lukas Dostal with a rebound.
2:16 of 1st period - Snap shot by Joseph Veleno.
2:16 of 1st period - Shot Misses the Net.
2:30 of 1st period - Alexander Romanov is hit by Martin Necas and loses puck.
2:37 of 1st period - Snap shot by Macklin Celebrini.
2:37 of 1st period - Stopped by Spencer Knight without a rebound.
2:38 of 1st period - Evander Kane wins face-off versus Evgeni Dadonov in Los Angeles Kings zone.
2:51 of 1st period - Wrist shot by Will Smith.
2:51 of 1st period - Stopped by Lukas Dostal with a rebound.
2:53 of 1st period - Slapshot by K'Andre Miller.
2:53 of 1st period - Shot Blocked by Owen Power.
3:03 of 1st period - K'Andre Miller is hit by Matt Duchene.
3:13 of 1st period - Snap shot by Adam Fantilli.
3:13 of 1st period - Stopped by Lukas Dostal with a rebound.
3:25 of 1st period - Wrist shot by Macklin Celebrini.
3:25 of 1st period - Stopped by Spencer Knight without a rebound.
3:26 of 1st period - Jansen Harkins wins face-off versus Macklin Celebrini in Los Angeles Kings zone.
3:56 of 1st period - Snap shot by Martin Necas.
3:56 of 1st period - Shot Blocked by Jansen Harkins.
3:58 of 1st period - Snap shot by Martin Necas.
3:58 of 1st period - Shot Blocked by MacKenzie Weegar.
4:00 of 1st period - Slapshot by Josh Manson.
4:00 of 1st period - Shot Blocked by MacKenzie Weegar.
4:02 of 1st period - Slapshot by Macklin Celebrini.
4:02 of 1st period - Shot Misses the Net.
4:04 of 1st period - Slapshot by Josh Manson.
4:04 of 1st period - Shot Misses the Net.
4:06 of 1st period - Slapshot by Josh Manson.
4:06 of 1st period - Shot Misses the Net.
4:08 of 1st period - Slapshot by Josh Manson.
4:08 of 1st period - Shot Misses the Net.
4:10 of 1st period - Slapshot by Lane Hutson.
4:10 of 1st period - Deflect By Ryan Poehling.
4:10 of 1st period - Stopped by Spencer Knight without a rebound.
4:11 of 1st period - Teddy Blueger wins face-off versus Evander Kane in Los Angeles Kings zone.
4:41 of 1st period - Adam Fox is hit by Andrei Svechnikov and loses puck.
5:47 of 1st period - Wrist shot by Arttu Hyry.
5:47 of 1st period - Stopped by Spencer Knight with a rebound.
5:49 of 1st period - Slapshot by Owen Power.
5:49 of 1st period - Shot Misses the Net.
5:51 of 1st period - Slapshot by Owen Power.
5:51 of 1st period - Shot Misses the Net.
5:53 of 1st period - Slapshot by Adam Fox.
5:53 of 1st period - Deflect By Charlie McAvoy.
5:53 of 1st period - Stopped by Spencer Knight with a rebound.
6:27 of 1st period - Snap shot by Justin Hryckowian.
6:27 of 1st period - Shot Misses the Net.
6:39 of 1st period - Snap shot by Evgeni Dadonov.
6:39 of 1st period - Shot Misses the Net.
6:41 of 1st period - Wrist shot by Evgeni Dadonov.
6:41 of 1st period - Stopped by Spencer Knight without a rebound.
6:42 of 1st period - Adam Fantilli wins face-off versus Matt Duchene in Los Angeles Kings zone.
6:53 of 1st period - Snap shot by Andrei Svechnikov.
6:53 of 1st period - Shot Blocked by Brad Marchand.
6:55 of 1st period - Wrist shot by Andrei Kuzmenko.
6:55 of 1st period - Shot Misses the Net.
6:57 of 1st period - Slapshot by K'Andre Miller.
6:57 of 1st period - Shot Blocked by Josh Manson.
7:36 of 1st period - Wrist shot by Andrei Svechnikov.
7:36 of 1st period - Stopped by Lukas Dostal without a rebound.
7:37 of 1st period - Adam Fantilli wins face-off versus Matt Duchene in Montreal Canadiens zone.
7:52 of 1st period - Snap shot by Matt Duchene.
7:52 of 1st period - Deflect By Brad Marchand.
7:52 of 1st period - Shot Misses the Net.
7:52 of 1st period - Puck is out of play.
7:53 of 1st period - Teddy Blueger wins face-off versus Joseph Veleno in Los Angeles Kings zone.
7:58 of 1st period - Snap shot by Drew O'Connor.
7:58 of 1st period - Stopped by Spencer Knight with a rebound.
8:00 of 1st period - Wrist shot by Drew O'Connor.
8:00 of 1st period - Shot Misses the Net.
8:02 of 1st period - Slapshot by Brady Skjei.
8:02 of 1st period - Shot Misses the Net.
8:19 of 1st period - Icing by Andrei Svechnikov.
8:20 of 1st period - Adam Fantilli wins face-off versus Macklin Celebrini in Los Angeles Kings zone.
8:29 of 1st period - Snap shot by Adam Fantilli.
8:29 of 1st period - Deflect By Andrei Svechnikov.
8:29 of 1st period - Stopped by Lukas Dostal without a rebound.
8:30 of 1st period - Matt Duchene wins face-off versus Jansen Harkins in Montreal Canadiens zone.
9:18 of 1st period - Slapshot by Will Smith.
9:18 of 1st period - Stopped by Lukas Dostal without a rebound.
9:19 of 1st period - Teddy Blueger wins face-off versus Evander Kane in Montreal Canadiens zone.
9:53 of 1st period - Wrist shot by Patrik Laine.
9:53 of 1st period - Stopped by Spencer Knight with a rebound.
10:03 of 1st period - Wrist shot by Will Smith.
10:03 of 1st period - Shot Misses the Net.
10:13 of 1st period - Snap shot by Will Smith.
10:13 of 1st period - Stopped by Lukas Dostal with a rebound.
10:15 of 1st period - Slapshot by Logan Cooley.
10:15 of 1st period - Stopped by Lukas Dostal with a rebound.
10:17 of 1st period - Slapshot by Alexander Romanov.
10:17 of 1st period - Shot Hit the Post.
10:29 of 1st period - Snap shot by Will Smith.
10:29 of 1st period - Deflect By Evander Kane.
10:29 of 1st period - Stopped by Lukas Dostal with a rebound.
10:31 of 1st period - Backhand shot by Will Smith.
10:31 of 1st period - Shot Misses the Net.
10:33 of 1st period - Slapshot by Alexander Romanov.
10:33 of 1st period - Shot Blocked by Teddy Blueger.
10:55 of 1st period - Snap shot by Will Smith.
10:55 of 1st period - Goal by Will Smith - Montreal Canadiens : 0 - Los Angeles Kings : 1.
10:56 of 1st period - Brad Marchand wins face-off versus Adam Fantilli in neutral zone.
11:09 of 1st period - Wrist shot by Adam Fantilli.
11:09 of 1st period - Deflect By Andrei Svechnikov.
11:09 of 1st period - Stopped by Lukas Dostal without a rebound.
11:10 of 1st period - Macklin Celebrini wins face-off versus Jansen Harkins in Montreal Canadiens zone.
11:23 of 1st period - Wrist shot by Jackson Blake.
11:23 of 1st period - Shot Misses the Net.
11:25 of 1st period - Snap shot by K'Andre Miller.
11:25 of 1st period - Shot Misses the Net.
11:35 of 1st period - Ryan Poehling is hit by Cooper Marody and loses puck.
11:58 of 1st period - Snap shot by Brad Marchand.
11:58 of 1st period - Stopped by Spencer Knight without a rebound.
11:59 of 1st period - Adam Fantilli wins face-off versus Matt Duchene in Los Angeles Kings zone.
11:59 of 1st period - Adam Fantilli is hit by Brady Skjei.
12:25 of 1st period - MacKenzie Weegar is hit by Justin Hryckowian and loses puck.
12:30 of 1st period - Slapshot by Evgeni Dadonov.
12:30 of 1st period - Stopped by Spencer Knight with a rebound.
12:54 of 1st period - MacKenzie Weegar is hit by Adam Fox and loses puck.
13:53 of 1st period - Snap shot by Brad Marchand.
13:53 of 1st period - Goal by Brad Marchand - Montreal Canadiens : 1 - Los Angeles Kings : 1.
13:54 of 1st period - Adam Fantilli wins face-off versus Matt Duchene in neutral zone.
15:27 of 1st period - Adam Fantilli is hit by Teddy Blueger and loses puck.
15:56 of 1st period - Snap shot by Mikey Eyssimont.
15:56 of 1st period - Stopped by Lukas Dostal with a rebound.
15:58 of 1st period - Slapshot by K'Andre Miller.
15:58 of 1st period - Stopped by Lukas Dostal without a rebound.
15:59 of 1st period - Macklin Celebrini wins face-off versus Jansen Harkins in Montreal Canadiens zone.
17:13 of 1st period - Slapshot by Lane Hutson.
17:13 of 1st period - Deflect By Jackson Blake.
17:13 of 1st period - Stopped by Spencer Knight without a rebound.
17:14 of 1st period - Andrei Kuzmenko wins face-off versus Macklin Celebrini in Los Angeles Kings zone.
17:30 of 1st period - Icing by Adam Fantilli.
17:31 of 1st period - Matt Duchene wins face-off versus Adam Fantilli in Los Angeles Kings zone.
17:37 of 1st period - Icing by MacKenzie Weegar.
17:38 of 1st period - Adam Fantilli wins face-off versus Matt Duchene in Los Angeles Kings zone.
18:13 of 1st period - Wrist shot by Adam Fantilli.
18:13 of 1st period - Shot Blocked by Owen Power.
18:15 of 1st period - Slapshot by Andrei Kuzmenko.
18:15 of 1st period - Stopped by Lukas Dostal with a rebound.
18:19 of 1st period - Snap shot by Andrei Kuzmenko.
18:19 of 1st period - Shot Misses the Net.
18:25 of 1st period - Wrist shot by Andrei Svechnikov.
18:25 of 1st period - Deflect By Andrei Kuzmenko.
18:25 of 1st period - Shot Misses the Net.
18:25 of 1st period - Puck is out of play.
18:26 of 1st period - Macklin Celebrini wins face-off versus Jansen Harkins in Montreal Canadiens zone.
19:45 of 1st period - Snap shot by Evgeni Dadonov.
19:45 of 1st period - Shot Hit the Post.
Goals for this period are 1 for Montreal Canadiens vs 1 for Los Angeles Kings.
Shots for this period are 12 for Montreal Canadiens vs 17 for Los Angeles Kings.
2nd period
0:01 of 2nd period - Macklin Celebrini wins face-off versus Evander Kane in neutral zone.
0:34 of 2nd period - Off-side.
0:35 of 2nd period - Adam Fantilli wins face-off versus Teddy Blueger in neutral zone.
1:01 of 2nd period - Patrik Laine is hit by Jansen Harkins and loses puck.
1:42 of 2nd period - Josh Manson is hit by K'Andre Miller and loses puck.
1:55 of 2nd period - Andrei Kuzmenko is hit by Brady Skjei and loses puck.
2:31 of 2nd period - Snap shot by Brad Marchand.
2:31 of 2nd period - Deflect By Juraj Slafkovsky.
2:31 of 2nd period - Stopped by Spencer Knight with a rebound.
2:33 of 2nd period - Slapshot by Juraj Slafkovsky.
2:33 of 2nd period - Shot Misses the Net.
2:35 of 2nd period - Slapshot by Damon Severson.
2:35 of 2nd period - Stopped by Spencer Knight without a rebound.
2:36 of 2nd period - Justin Hryckowian wins face-off versus Evander Kane in Los Angeles Kings zone.
2:37 of 2nd period - Slapshot by Evgeni Dadonov.
2:37 of 2nd period - Shot Misses the Net.
3:26 of 2nd period - Lane Hutson is hit by Adam Fantilli and loses puck.
3:45 of 2nd period - K'Andre Miller is hit by Justin Hryckowian and loses puck.
4:00 of 2nd period - Slapshot by MacKenzie Weegar.
4:00 of 2nd period - Stopped by Lukas Dostal with a rebound.
4:08 of 2nd period - Icing by K'Andre Miller.
4:09 of 2nd period - Macklin Celebrini wins face-off versus Joseph Veleno in Los Angeles Kings zone.
4:10 of 2nd period - Snap shot by Martin Necas.
4:10 of 2nd period - Stopped by Spencer Knight without a rebound.
4:11 of 2nd period - Macklin Celebrini wins face-off versus Evander Kane in Los Angeles Kings zone.
4:36 of 2nd period - Juraj Slafkovsky is hit by Charlie McAvoy and loses puck.
5:54 of 2nd period - Matt Duchene is hit by Alexander Romanov and loses puck.
6:02 of 2nd period - Off-side.
6:03 of 2nd period - Macklin Celebrini wins face-off versus Adam Fantilli in neutral zone.
6:06 of 2nd period - Andrei Svechnikov is hit by Martin Necas and loses puck.
6:15 of 2nd period - Snap shot by Adam Fantilli.
6:15 of 2nd period - Goal by Adam Fantilli - Montreal Canadiens : 1 - Los Angeles Kings : 2.
6:16 of 2nd period - Evander Kane wins face-off versus Matt Duchene in neutral zone.
7:02 of 2nd period - Lane Hutson is hit by MacKenzie Weegar and loses puck.
7:27 of 2nd period - Wrist shot by Juraj Slafkovsky.
7:27 of 2nd period - Stopped by Spencer Knight with a rebound.
7:29 of 2nd period - Slapshot by Adam Fox.
7:29 of 2nd period - Shot Misses the Net.
7:31 of 2nd period - Backhand shot by Juraj Slafkovsky.
7:31 of 2nd period - Stopped by Spencer Knight without a rebound.
7:31 of 2nd period - Minor Penalty to Spencer Knight for Slashing.
7:32 of 2nd period - Macklin Celebrini wins face-off versus Joseph Veleno in Los Angeles Kings zone.
7:37 of 2nd period - Wrist shot by Brad Marchand.
7:37 of 2nd period - Stopped by Spencer Knight with a rebound.
7:39 of 2nd period - Snap shot by Macklin Celebrini.
7:39 of 2nd period - Shot Blocked by Joseph Veleno.
7:45 of 2nd period - Snap shot by Brad Marchand.
7:45 of 2nd period - Goal by Brad Marchand - Montreal Canadiens : 2 - Los Angeles Kings : 2.
7:46 of 2nd period - Macklin Celebrini wins face-off versus Evander Kane in neutral zone.
8:11 of 2nd period - Ryan Suter is hit by Matt Duchene and loses puck.
8:20 of 2nd period - Slapshot by Matt Duchene.
8:20 of 2nd period - Shot Blocked by Charlie McAvoy.
9:57 of 2nd period - Jackson Blake is hit by Damon Severson and loses puck.
10:44 of 2nd period - Snap shot by Martin Necas.
10:44 of 2nd period - Stopped by Spencer Knight with a rebound.
10:46 of 2nd period - Slapshot by Brady Skjei.
10:46 of 2nd period - Stopped by Spencer Knight without a rebound.
10:47 of 2nd period - Evander Kane wins face-off versus Matt Duchene in Los Angeles Kings zone.
11:02 of 2nd period - Wrist shot by Will Smith.
11:02 of 2nd period - Stopped by Lukas Dostal without a rebound.
11:03 of 2nd period - Teddy Blueger wins face-off versus Jansen Harkins in Montreal Canadiens zone.
11:03 of 2nd period - Teddy Blueger is hit by MacKenzie Weegar.
12:34 of 2nd period - Wrist shot by Jackson Blake.
12:34 of 2nd period - Shot Hit the Post.
12:36 of 2nd period - Wrist shot by Charlie McAvoy.
12:36 of 2nd period - Stopped by Lukas Dostal without a rebound.
12:37 of 2nd period - Matt Duchene wins face-off versus Jansen Harkins in Montreal Canadiens zone.
12:50 of 2nd period - Wrist shot by Jansen Harkins.
12:50 of 2nd period - Stopped by Lukas Dostal with a rebound.
12:52 of 2nd period - Slapshot by Jackson Blake.
12:52 of 2nd period - Shot Blocked by Matt Duchene.
13:36 of 2nd period - Icing by Alexander Romanov.
13:37 of 2nd period - Macklin Celebrini wins face-off versus Evander Kane in Los Angeles Kings zone.
13:44 of 2nd period - Wrist shot by Macklin Celebrini.
13:44 of 2nd period - Goal by Macklin Celebrini - Montreal Canadiens : 3 - Los Angeles Kings : 2.
13:45 of 2nd period - Teddy Blueger wins face-off versus Evander Kane in neutral zone.
14:17 of 2nd period - Brad Marchand is hit by K'Andre Miller and loses puck.
14:50 of 2nd period - Mikey Eyssimont is hit by Arttu Hyry and loses puck.
15:31 of 2nd period - Joseph Veleno is hit by Brad Marchand and loses puck.
15:38 of 2nd period - Slapshot by Brad Marchand.
15:38 of 2nd period - Stopped by Spencer Knight without a rebound.
15:39 of 2nd period - Evander Kane wins face-off versus Macklin Celebrini in Los Angeles Kings zone.
15:44 of 2nd period - Owen Power is hit by K'Andre Miller and loses puck.
16:02 of 2nd period - Icing by Owen Power.
16:03 of 2nd period - Teddy Blueger wins face-off versus Adam Fantilli in Montreal Canadiens zone.
16:29 of 2nd period - Juraj Slafkovsky is hit by Alexander Romanov.
16:39 of 2nd period - Snap shot by Will Smith.
16:39 of 2nd period - Shot Misses the Net.
17:43 of 2nd period - Wrist shot by Will Smith.
17:43 of 2nd period - Deflect By Logan Cooley.
17:43 of 2nd period - Shot Blocked by Damon Severson.
17:43 of 2nd period - Puck is out of play.
17:44 of 2nd period - Matt Duchene wins face-off versus Adam Fantilli in Montreal Canadiens zone.
18:19 of 2nd period - Snap shot by Will Smith.
18:19 of 2nd period - Shot Misses the Net.
18:25 of 2nd period - Evander Kane is hit by Teddy Blueger and loses puck.
18:42 of 2nd period - Snap shot by Will Smith.
18:42 of 2nd period - Stopped by Lukas Dostal with a rebound.
18:44 of 2nd period - Snap shot by Jansen Harkins.
18:44 of 2nd period - Stopped by Lukas Dostal with a rebound.
19:05 of 2nd period - Slapshot by Josh Manson.
19:05 of 2nd period - Shot Misses the Net.
19:07 of 2nd period - Slapshot by Lane Hutson.
19:07 of 2nd period - Deflect By Joseph Veleno.
19:07 of 2nd period - Stopped by Spencer Knight without a rebound.
19:08 of 2nd period - Matt Duchene wins face-off versus Andrei Kuzmenko in Los Angeles Kings zone.
19:21 of 2nd period - Backhand shot by Brad Marchand.
19:21 of 2nd period - Stopped by Spencer Knight without a rebound.
19:22 of 2nd period - Macklin Celebrini wins face-off versus Evander Kane in Los Angeles Kings zone.
19:23 of 2nd period - Wrist shot by Martin Necas.
19:23 of 2nd period - Stopped by Spencer Knight without a rebound.
19:24 of 2nd period - Macklin Celebrini wins face-off versus Evander Kane in Los Angeles Kings zone.
19:54 of 2nd period - Snap shot by Andrei Kuzmenko.
19:54 of 2nd period - Shot Misses the Net.
Goals for this period are 2 for Montreal Canadiens vs 1 for Los Angeles Kings.
Shots for this period are 14 for Montreal Canadiens vs 7 for Los Angeles Kings.
3rd period
0:01 of 3rd period - Jansen Harkins wins face-off versus Teddy Blueger in neutral zone.
0:24 of 3rd period - Teddy Blueger is hit by Andrei Svechnikov and loses puck.
1:19 of 3rd period - Wrist shot by Mikey Eyssimont.
1:19 of 3rd period - Shot Misses the Net.
1:54 of 3rd period - Snap shot by Andrei Kuzmenko.
1:54 of 3rd period - Shot Misses the Net.
2:15 of 3rd period - Ryan Poehling is hit by Will Smith and loses puck.
3:11 of 3rd period - Slapshot by Joseph Veleno.
3:11 of 3rd period - Stopped by Lukas Dostal without a rebound.
3:12 of 3rd period - Matt Duchene wins face-off versus Jansen Harkins in Montreal Canadiens zone.
3:25 of 3rd period - Jansen Harkins is hit by Juraj Slafkovsky and loses puck.
4:12 of 3rd period - Snap shot by Macklin Celebrini.
4:12 of 3rd period - Stopped by Spencer Knight without a rebound.
4:13 of 3rd period - Teddy Blueger wins face-off versus Jansen Harkins in Los Angeles Kings zone.
4:22 of 3rd period - Wrist shot by Teddy Blueger.
4:22 of 3rd period - Shot Misses the Net.
4:24 of 3rd period - Slapshot by Brady Skjei.
4:24 of 3rd period - Stopped by Spencer Knight with a rebound.
4:26 of 3rd period - Wrist shot by Patrik Laine.
4:26 of 3rd period - Stopped by Spencer Knight with a rebound.
4:28 of 3rd period - Wrist shot by Drew O'Connor.
4:28 of 3rd period - Stopped by Spencer Knight with a rebound.
4:44 of 3rd period - Slapshot by MacKenzie Weegar.
4:44 of 3rd period - Stopped by Lukas Dostal without a rebound.
4:45 of 3rd period - Evander Kane wins face-off versus Justin Hryckowian in Montreal Canadiens zone.
4:58 of 3rd period - Snap shot by Logan Cooley.
4:58 of 3rd period - Stopped by Lukas Dostal with a rebound.
5:00 of 3rd period - Snap shot by Logan Cooley.
5:00 of 3rd period - Deflect By Evander Kane.
5:00 of 3rd period - Stopped by Lukas Dostal without a rebound.
5:01 of 3rd period - Adam Fantilli wins face-off versus Matt Duchene in Montreal Canadiens zone.
8:03 of 3rd period - Logan Cooley is hit by Damon Severson and loses puck.
9:10 of 3rd period - Andrei Kuzmenko is hit by Justin Hryckowian and loses puck.
9:19 of 3rd period - Wrist shot by Andrei Svechnikov.
9:19 of 3rd period - Stopped by Lukas Dostal with a rebound.
9:39 of 3rd period - Teddy Blueger is hit by Jansen Harkins and loses puck.
9:55 of 3rd period - Icing by Logan Cooley.
9:56 of 3rd period - Evander Kane wins face-off versus Juraj Slafkovsky in Los Angeles Kings zone.
9:56 of 3rd period - Evander Kane is hit by Josh Manson.
11:12 of 3rd period - Wrist shot by Jackson Blake.
11:12 of 3rd period - Shot Misses the Net.
11:14 of 3rd period - Wrist shot by Vitali Kravtsov.
11:14 of 3rd period - Shot Blocked by Brady Skjei.
11:16 of 3rd period - Snap shot by Jackson Blake.
11:16 of 3rd period - Shot Misses the Net.
11:34 of 3rd period - Snap shot by Mikey Eyssimont.
11:34 of 3rd period - Shot Misses the Net.
11:36 of 3rd period - Snap shot by Cooper Marody.
11:36 of 3rd period - Shot Misses the Net.
12:12 of 3rd period - Wrist shot by Patrik Laine.
12:12 of 3rd period - Shot Misses the Net.
12:34 of 3rd period - Slapshot by MacKenzie Weegar.
12:34 of 3rd period - Shot Misses the Net.
12:36 of 3rd period - Slapshot by K'Andre Miller.
12:36 of 3rd period - Stopped by Lukas Dostal with a rebound.
12:38 of 3rd period - Wrist shot by Will Smith.
12:38 of 3rd period - Shot Misses the Net.
12:42 of 3rd period - Snap shot by Will Smith.
12:42 of 3rd period - Shot Misses the Net.
12:44 of 3rd period - Slapshot by MacKenzie Weegar.
12:44 of 3rd period - Stopped by Lukas Dostal with a rebound.
12:46 of 3rd period - Snap shot by Will Smith.
12:46 of 3rd period - Shot Blocked by Damon Severson.
12:48 of 3rd period - Slapshot by K'Andre Miller.
12:48 of 3rd period - Shot Misses the Net.
12:54 of 3rd period - Wrist shot by Will Smith.
12:54 of 3rd period - Shot Blocked by Brady Skjei.
12:56 of 3rd period - Backhand shot by Will Smith.
12:56 of 3rd period - Shot Blocked by Patrik Laine.
12:58 of 3rd period - Snap shot by K'Andre Miller.
12:58 of 3rd period - Stopped by Lukas Dostal with a rebound.
13:07 of 3rd period - Slapshot by K'Andre Miller.
13:07 of 3rd period - Shot Misses the Net.
13:09 of 3rd period - Slapshot by MacKenzie Weegar.
13:09 of 3rd period - Shot Misses the Net.
13:11 of 3rd period - Slapshot by K'Andre Miller.
13:11 of 3rd period - Stopped by Lukas Dostal with a rebound.
13:41 of 3rd period - Slapshot by Drew O'Connor.
13:41 of 3rd period - Shot Blocked by K'Andre Miller.
13:59 of 3rd period - Snap shot by Will Smith.
13:59 of 3rd period - Shot Misses the Net.
14:03 of 3rd period - Snap shot by Will Smith.
14:03 of 3rd period - Deflect By Brady Skjei.
14:03 of 3rd period - Stopped by Lukas Dostal with a rebound.
14:05 of 3rd period - Snap shot by MacKenzie Weegar.
14:05 of 3rd period - Shot Blocked by Damon Severson.
14:07 of 3rd period - Snap shot by Logan Cooley.
14:07 of 3rd period - Stopped by Lukas Dostal without a rebound.
14:08 of 3rd period - Ryan Poehling wins face-off versus Adam Fantilli in Montreal Canadiens zone.
14:22 of 3rd period - Slapshot by Adam Fantilli.
14:22 of 3rd period - Shot Misses the Net.
14:24 of 3rd period - Snap shot by Andrei Kuzmenko.
14:24 of 3rd period - Stopped by Lukas Dostal with a rebound.
14:34 of 3rd period - Jansen Harkins is hit by Adam Fox and loses puck.
14:41 of 3rd period - Wrist shot by Brad Marchand.
14:41 of 3rd period - Deflect By Matt Duchene.
14:41 of 3rd period - Stopped by Spencer Knight without a rebound.
14:42 of 3rd period - Joseph Veleno wins face-off versus Matt Duchene in Los Angeles Kings zone.
14:44 of 3rd period - Minor Penalty to Mikey Eyssimont for Hooking.
14:45 of 3rd period - Macklin Celebrini wins face-off versus Adam Fantilli in Los Angeles Kings zone.
16:44 of 3rd period - Penalty to Mikey Eyssimont is over, Mikey Eyssimont is back on ice.
16:54 of 3rd period - Arttu Hyry is hit by Alexander Romanov and loses puck.
18:11 of 3rd period - Cooper Marody is hit by Juraj Slafkovsky and loses puck.
19:07 of 3rd period - Slapshot by Arttu Hyry.
19:07 of 3rd period - Shot Blocked by Mikey Eyssimont.
19:09 of 3rd period - Minor Penalty to Jakub Zboril for Delaying the game.
19:10 of 3rd period - Adam Fantilli wins face-off versus Macklin Celebrini in Los Angeles Kings zone.
Goals for this period are 0 for Montreal Canadiens vs 0 for Los Angeles Kings.
Shots for this period are 5 for Montreal Canadiens vs 12 for Los Angeles Kings.
Back to the Top